AoeStats
← Xquis

Oasis

510183229Analyzed
3v3 RM · 3d ago on Sep 29, 2026· 51m 2s· 6 players
Game mode
Random Map
Map size
Normal (6 player)
Population
200
Speed
Normal
Resources
Standard
Victory
Conquest
Starting age
Dark Age
Ending age
Imperial Age
RankedLock teamsTeams togetherTeam positionsShared explorationLock speedFull tech treeHidden civsTurbo modeCheats
Victory
Defeat
🇺🇾 Vietnamese · Uruguay
969
+15
🇺🇾 Magyars · Uruguay
967
+15
🇺🇾 Saracens · Uruguay
874
+19
🇩🇪 Hindustanis · Germany
1049
-20
🇹🇷 Ethiopians · Türkiye
1041
-20
🇹🇷 Slavs · Türkiye
741
-9
pylito
8:09 Loom
10:41 Feudal Age
10:58 Loom
12:05 Double-Bit Axe
13:24 Horse Collar
19:03 Castle Age
17:44 Gold Mining
20:41 Wheelbarrow
20:19 Bow Saw
20:11 Heavy Plow
22:49 Crossbowman
25:23 Padded Archer Armor
25:45 Fletching
26:11 Town Watch
25:57 Elite Skirmisher
27:30 Bodkin Arrow
27:39 Crossbowman
28:35 Leather Archer Armor
32:36 Hand Cart
33:43 Forging
36:59 Imperial Age
36:12 Town Patrol
37:10 Thumb Ring
37:29 Ballistics
37:09 Arbalester
37:10 Imperial Skirmisher
38:11 Bracer
38:42 Ring Archer Armor
40:05 Caravan
41:44 Chemistry
43:49 Crop Rotation
44:21 Two-Man Saw
45:23 Iron Casting
44:44 Stone Mining
47:10 Stone Shaft Mining
Xquis
7:32 Loom
9:47 Feudal Age
10:31 Double-Bit Axe
12:23 Town Watch
15:14 Forging
21:45 Castle Age
21:25 Fletching
22:20 Stone Mining
22:38 Padded Archer Armor
22:54 Crossbowman
25:02 Bow Saw
27:03 Scale Barding Armor
27:02 Husbandry
31:48 Wheelbarrow
35:09 Imperial Age
33:50 Bloodlines
37:49 Two-Man Saw
37:35 Iron Casting
39:46 Conscription
40:08 Hoardings
44:17 Chemistry
43:13 Murder Holes
43:29 Masonry
50:17 Horse Collar
52:05 Blast Furnace
51:27 Chain Barding Armor
50:35 Elite Mameluke
Omer->
7:47 Loom
10:12 Feudal Age
11:02 Double-Bit Axe
12:57 Horse Collar
18:48 Town Watch
24:15 Castle Age
32:47 Town Patrol
36:55 Wheelbarrow
43:16 Padded Archer Armor
43:07 Fletching
45:00 Hand Cart
48:35 Imperial Age
46:36 Gold Mining
46:41 Stone Mining
47:59 Pikeman
48:41 Halberdier
49:37 Bow Saw
49:32 Heavy Plow
50:48 Parthian Tactics
KanuniZkan
10:32 Feudal Age
14:42 Double-Bit Axe
15:48 Scale Barding Armor
16:24 Bloodlines
19:13 Scale Mail Armor
23:47 Castle Age
25:03 Husbandry
26:52 Chain Barding Armor
26:48 Chain Mail Armor
30:51 Bow Saw
31:40 Town Watch
31:41 Loom
35:06 Imperial Age
33:40 Wheelbarrow
35:03 Forging
35:49 Heavy Camel Rider
37:08 Iron Casting
37:27 Hand Cart
39:19 Town Patrol
39:32 Imperial Camel Rider
40:54 Plate Barding Armor
45:08 Blast Furnace
46:45 Gold Mining
Kanveren
8:40 Loom
10:27 Feudal Age
12:15 Double-Bit Axe
19:44 Castle Age
18:46 Fletching
18:58 Padded Archer Armor
20:25 Crossbowman
21:42 Bodkin Arrow
23:08 Thumb Ring
24:09 Gold Mining
33:38 Imperial Age
31:45 Wheelbarrow
31:41 Leather Archer Armor
33:55 Forging
33:52 Scale Barding Armor
33:27 Elite Skirmisher
34:27 Bracer
34:58 Ring Archer Armor
36:03 Iron Casting
35:49 Chain Barding Armor
36:12 Gold Shaft Mining
37:43 Ballistics
38:09 Arbalester
39:33 Husbandry
38:54 Light Cavalry
41:11 Hand Cart
40:42 Town Watch
41:26 Heavy Camel Rider
42:32 Conscription
46:42 Chain Barding Armor
Synthax
11:49 Feudal Age
13:52 Loom
27:05 Castle Age
26:02 Horse Collar
26:12 Double-Bit Axe
26:22 Gold Mining
26:49 Stone Mining
35:45 Detinets
38:22 Gold Shaft Mining
37:52 Heavy Plow
38:17 Bow Saw
48:09 Imperial Age
Connection lost

Rejoining the realm…

Still unreachable

The connection could not be restored.

Session expired

The server has moved on; the page needs a fresh start.